Map: Dusk Towers

Players

MorN - Winner!

  • Race: Zerg Zerg
  • League: Master

Mariuslol

  • Race: Protoss Protoss
  • League: Master

VOD

Have the link to the VOD?

Description

Time

  • Played on: Nov. 24, 2015, 2:07 a.m.
  • Length: 12:21
Show
View Real Time Build Order
Export as new Build Order

MorN Zerg - Winner!

Build Orders: Hatch First 

Get SALT Encoding   

  12  0:00  Drone  
  13  0:09  Drone  
  14  0:17  Overlord  
  14  0:35  Drone x3  
  17  0:53  Hatchery  
  16  1:03  Drone  
  17  1:11  Spawning Pool  
  16  1:28  Drone  
  17  1:35  Hatchery  
  16  1:41  Drone  
  16  1:43  Drone  
  16  1:45  Drone  
  19  1:53  Drone  
  20  2:01  Queen  
  20  2:07  Queen  
  24  2:13  Zergling x2  
  24  2:14  Zergling x2  
  26  2:24  Overlord  
  26  2:36  Extractor  
  25  2:42  Drone  
  25  2:43  Drone x4  
  31  2:49  Drone  
  31  2:50  Drone  
  33  2:54  Queen  
  35  3:04  Extractor  
  34  3:06  Drone x4  
  34  3:08  Overlord  
  38  3:19  Drone  
  39  3:20  Drone x3  
  39  3:23  Overlord  
  41  3:30  Drone x2  
  41  3:31  Drone x4  
  47  3:37  Drone  
  48  3:49  Drone x3  
  48  3:50  Drone x4, Overlord  
  55  3:59  Overlord  
  55  4:05  Spore Crawler  
  55  4:07  Spore Crawler, Drone  
  54  4:10  Drone x2  
  56  4:24  Drone x4, Roach Warren  
  61  4:27  Queen  
  63  4:32  Lair  
  63  4:39  Overlord x2  
  63  4:40  Extractor  
  62  4:52  Extractor x2  
  60  4:53  Drone x3  
  60  4:54  Hatchery, Drone  
  60  4:57  Drone  
  60  4:58  Drone x2  
  66  5:02  Drone x3  
  69  5:13  Queen  
  71  5:25  Roach x6  
  71  5:27  Overlord  
  71  5:28  Overlord x2  
  82  5:30  Glial Reconstitution  
  82  5:36  Evolution Chamber x2  
  82  5:37  Drone x2  
  82  5:46  Roach x7  
  96  6:02  Roach  
  96  6:03  Roach x5  
  106  6:08  Zerg Missile Weapons Level 1  
  100  6:40  Roach x7  
  100  6:43  Overlord x3  
  111  6:48  Zerg Ground Armor Level 1  
  111  6:53  Drone  
  112  6:58  Extractor x2, Queen  
  106  7:19  Queen  
  104  7:23  Queen  
  105  7:48  Drone x12  
  105  7:49  Drone x17  
  132  8:05  Hydralisk Den  
  131  8:07  Extractor  
  131  8:08  Extractor  
  131  8:09  Zerg Missile Weapons Level 2  
  129  8:19  Infestation Pit  
  128  8:37  Hydralisk x4  
  128  8:41  Tunneling Claws, Muscular Augments  
  136  8:43  Burrow  
  136  8:44  Overlord x7  
  134  8:57  Queen  
  134  9:01  Queen  
  135  9:12  Drone x3  
  137  9:17  Zerg Ground Armor Level 2  
  137  9:23  Hydralisk x6  
  137  9:24  Hydralisk x16  
  179  9:51  Roach x6  
  179  9:52  Overlord x2  
  191  9:55  Hive  
  175  10:09  Roach  
  175  10:10  Roach x12  
  155  10:23  Roach x4  
  155  10:24  Roach x2  
  161  10:30  Hydralisk  
  161  10:31  Hydralisk x2  
  165  10:39  Overlord x4  
  165  10:43  Lurker Den  
  165  10:47  Hydralisk  
  165  10:48  Hydralisk x6, Roach  
  179  11:13  Hydralisk x5, Roach x2  
  179  11:14  Hydralisk x2, Roach  
  199  11:20  Hatchery  
  198  11:35  Hydralisk  
  182  11:55  Hydralisk  
  182  11:56  Hydralisk x9  
Show
View Real Time Build Order
Export as new Build Order

Mariuslol Protoss 

Build Orders: Nexus First 

Get SALT Encoding   

  12  0:01  Probe (Chrono Boost)  
  13  0:11  Probe (Chrono Boost)  
  14  0:18  Pylon  
  14  0:22  Probe (Chrono Boost)  
  15  0:37  Probe (Chrono Boost)  
  16  0:47  Probe (Chrono Boost)  
  17  0:58  Probe (Chrono Boost)  
  18  1:05  Nexus  
  18  1:08  Probe (Chrono Boost)  
  19  1:15  Gateway  
  19  1:20  Assimilator  
  19  1:22  Probe (Chrono Boost)  
  20  1:28  Assimilator  
  21  1:32  Probe (Chrono Boost)  
  21  1:40  Pylon  
  21  1:43  Probe (Chrono Boost)  
  22  1:54  Probe (Chrono Boost)  
  23  2:04  Probe (Chrono Boost)  
  23  2:07  Cybernetics Core  
  24  2:15  Gateway  
  24  2:16  Probe (Chrono Boost)  
  24  2:18  Probe (Chrono Boost)  
  26  2:27  Probe (Chrono Boost)  
  26  2:29  Probe (Chrono Boost)  
  28  2:37  Probe (Chrono Boost)  
  28  2:39  Probe (Chrono Boost)  
  28  2:42  Gateway  
  30  2:48  Mothership Core (Chrono Boost), Adept  
  30  2:50  Warp Gate  
  34  2:53  Probe (Chrono Boost)  
  35  3:04  Probe (Chrono Boost)  
  36  3:06  Probe (Chrono Boost)  
  37  3:14  Probe (Chrono Boost)  
  37  3:17  Probe (Chrono Boost)  
  39  3:25  Probe (Chrono Boost), Robotics Facility  
  40  3:27  Probe (Chrono Boost)  
  40  3:32  Pylon  
  41  3:35  Probe (Chrono Boost)  
  41  3:37  Pylon  
  41  3:38  Probe (Chrono Boost)  
  43  3:44  Pylon  
  43  3:46  Gateway  
  43  3:47  Gateway  
  43  3:52  Gateway  
  43  3:56  Gateway  
  43  4:06  Pylon  
  43  4:19  Warp Prism  
  45  4:31  Pylon  
  45  4:45  Pylon  
  45  4:53  Adept x2  
  45  4:54  Adept  
  51  5:00  Adept  
  53  5:08  Adept x3  
  59  5:22  Pylon  
  59  5:25  Adept x4  
  67  5:31  Nexus  
  67  5:33  Adept x3  
  73  5:47  Twilight Council  
  73  5:49  Forge  
  71  6:06  Immortal (Chrono Boost)  
  71  6:10  Pylon  
  71  6:11  Pylon  
  71  6:13  Pylon  
  69  6:27  Protoss Ground Weapons Level 1 (Chrono Boost)  
  67  6:34  Probe x2  
  67  6:36  Stalker x6  
  67  6:37  Stalker, Blink (Chrono Boost)  
  79  6:43  Probe  
  79  6:44  Assimilator  
  79  6:45  Assimilator  
  79  6:46  Probe x2  
  80  6:53  Probe  
  78  6:58  Probe  
  78  6:59  Probe  
  81  7:03  Zealot x5  
  81  7:04  Probe, Zealot x2  
  94  7:10  Probe  
  94  7:11  Probe  
  94  7:14  Probe  
  88  7:22  Probe  
  86  7:23  Probe  
  86  7:25  Probe  
  84  7:33  Pylon  
  84  7:34  Stalker x2, Probe  
  84  7:35  Probe x2  
  85  7:46  Probe x2  
  85  7:47  Probe  
  85  7:49  Immortal (Chrono Boost)  
  90  8:04  Assimilator  
  90  8:06  Assimilator  
  90  8:13  Gateway  
  90  8:16  Sentry  
  90  8:17  Sentry x3  
  98  8:24  Immortal (Chrono Boost)  
  102  8:33  Zealot x3  
  108  8:39  Probe  
  108  8:40  Probe x2  
  111  8:45  Stalker x3  
  117  8:52  Probe  
  112  8:58  Immortal (Chrono Boost)  
  112  9:00  Protoss Ground Weapons Level 2  
  112  9:02  Adept x3  
  118  9:03  Adept  
  124  9:22  Robotics Bay  
  124  9:28  Stalker x6  
  136  9:34  Stalker x2  
  140  9:59  Nexus  
  140  10:00  Pylon  
  140  10:02  Pylon  
  108  10:19  Pylon  
  92  10:23  Pylon  
  92  10:25  Pylon  
  86  10:33  Probe x2  
  86  10:34  Stalker x3  
  86  10:35  Stalker x5  
  100  10:37  Probe  
  100  10:42  Disruptor (Chrono Boost)  
  104  10:45  Probe  
  101  10:50  Probe  
  101  10:51  Probe  
  101  10:57  Probe  
  101  11:00  Assimilator  
  101  11:03  Stalker x4  
  101  11:04  Probe  
  105  11:06  Assimilator  
  105  11:09  Pylon  
  105  11:14  Pylon  
  105  11:17  Disruptor (Chrono Boost)  
  105  11:34  Stalker x6  
  117  11:46  Photon Cannon  
  109  11:55  Stalker x2  
  95  12:09  Stalker x5  
Tags
 
Add a new tag
Caveats
  • Supply blocks, unpowered buildings, or Contaminate may cause inaccurate times.
  • Supply counts are checked every 10 seconds.